 Dungeon Crawl Stone Soup version 0.23-a0-395-gcf17ac6c65 (webtiles) character file.

630 Notair the Cleaver (level 7, -5/62 HPs)
             Began as a Minotaur Gladiator on Nov 2, 2018.
             Slain by a gnoll
             ... wielding a +0 whip
              (7 damage)
             ... on level 4 of the Dungeon.
             The game lasted 00:10:43 (3756 turns).

Notair the Cleaver (Minotaur Gladiator)             Turns: 3756, Time: 00:10:44

Health: -5/62      AC:  4    Str: 20    XL:     7   Next: 24%
Magic:  15/15      EV: 13    Int:  5    God:
Gold:   141        SH:  0    Dex: 12    Spells: 6/6 levels left

rFire    . . .     SeeInvis .   a - +1 war axe
rCold    + . .     Gourm    .   (no shield)
rNeg     . . .     Faith    .   b - +0 leather armour
rPois    .         Spirit   .   c - +1 hat
rElec    .         Reflect  .   B - scarf {cloud immunity}
rCorr    .         Harm     .   (no gloves)
MR       .....                  (no boots)
Stlth    +.........             (no amulet)
HPRegen  0.20/turn              r - ring of protection from cold
MPRegen  0.14/turn              t - ring of magical power

@: very slightly contaminated, very slow
A: retaliatory headbutt, horns 2
a: no special abilities


You were on level 4 of the Dungeon.
You were not hungry.

You visited 1 branch of the dungeon, and saw 4 of its levels.

You collected 141 gold pieces.

Inventory:

Hand Weapons
 a - a +1 war axe (weapon)
 y - a +0 hunting sling
Missiles
 d - 3 throwing nets
 e - 88 stones (quivered)
 i - 16 sling bullets
 z - 15 poisoned needles
Armour
 b - a +0 leather armour (worn)
 c - a +1 hat (worn)
 B - a scarf of cloud immunity (worn)
Jewellery
 r - a ring of protection from cold (left hand)
 t - a ring of magical power (right hand)
 C - an uncursed ring of protection from magic {unknown}
 G - a +6 ring of intelligence {unknown}
Scrolls
 g - a scroll of enchant armour
 l - 2 scrolls of remove curse
 n - a scroll of noise {unknown}
 o - a scroll of teleportation {unknown}
 q - a scroll of random uselessness
 A - a scroll of amnesia
Potions
 h - a potion of heal wounds {unknown}
 j - a potion of agility {unknown}
 k - 3 potions of curing
 m - a potion of might {unknown}
 p - a potion of brilliance {unknown}
 u - a potion of flight {unknown}
 v - a potion of invisibility {unknown}
 x - 3 potions of haste {unknown}
 D - a potion of ambrosia {unknown}
Comestibles
 f - 5 rations


   Skills:
 + Level 5.9 Fighting
 * Level 8.6 Axes
 - Level 2.0 Throwing
 - Level 3.2 Dodging


You had 6 spell levels left.
You didn't know any spells.
Your spell library was empty.

Dungeon Overview and Level Annotations

Branches:
Dungeon (4/15)
 Temple: D:4-7

Altars:
Dithmenos
Gozag


Innate Abilities, Weirdness & Mutations

You reflexively headbutt those who attack you in melee.
You have a pair of horns on your head.


Message History

The gnoll hits you with a +0 spear!
The gnoll hits you from afar with a +0 halberd!
* * * LOW HITPOINT WARNING * * *
The gnoll moves out of view.
The gnoll shouts!
You hear a shout!
The gnoll hits you.
* * * LOW HITPOINT WARNING * * *
The gnoll misses you.
There is a huge open gate here.
The gnoll hits you.
* * * LOW HITPOINT WARNING * * *
A gnoll comes into view. It is wielding a +0 club.
The gnoll hits you but does no damage.
The gnoll shouts!
Okay, then.
You enter the shallow water.
Moving in this stuff is going to be slow.
You are no longer glowing.
The gnoll hits you with a +0 whip!
You die...

≈.# ##''## ≈.# #.ggg####### ≈.#
+.g..)).§..+ ###+# #gggg#######
#...# ###########gggg############
#gg.#............ggg.............
#####≈≈≈≈≈≈≈≈≈≈≈≈g.g.≈≈≈≈≈≈≈≈≈≈≈≈
≈≈≈≈≈≈≈≈≈≈≈≈≈≈≈≈gg...≈≈≈≈≈≈≈≈≈≈≈≈
≈≈≈≈≈≈≈≈≈≈≈≈≈≈≈≈@g...≈≈≈≈≈≈≈≈≈≈≈≈
.......................).........
.##################.#######..####
..# #.##..##..).### ..#
####.....#...#.... ..#
####.....#....#####.. .##
##...>...####..# ### .#
##....#...# #..# # ###
#....###..## ##.# ##


You could see a gnoll sergeant and 19 gnolls.

Vanquished Creatures
  A phantom (D:4)
  An ogre (D:4)
  A scorpion (D:4)
  A howler monkey (D:4)
  An orc priest (D:3)
  A gnoll shaman (D:4)
  A hound (D:4)
  An iguana (D:4)
  A hound skeleton (D:4)
  7 adders
  3 gnolls (D:4)
  4 oozes
  4 worms
  3 dart slugs
  8 orcs
  7 bats
  5 giant cockroaches
  10 goblins
  4 hobgoblins
  24 jackals
  7 kobolds
  A quokka (D:2)
  9 frilled lizards
  8 rats
113 creatures vanquished.

Notes
Turn   | Place    | Note
-------+----------+-------------------------------------------
     0 | D:1      | Notair the Minotaur Gladiator began the quest for the Orb.
     0 | D:1      | Reached XP level 1. HP: 18/18 MP: 0/0
    56 | D:1      | Reached skill level 4 in Axes
    64 | D:1      | Reached XP level 2. HP: 25/25 MP: 1/1
   333 | D:1      | Reached XP level 3. HP: 31/31 MP: 2/2
   610 | D:1      | Found a shadowy altar of Dithmenos.
   837 | D:2      | Reached skill level 5 in Axes
  1123 | D:2      | Reached XP level 4. HP: 38/38 MP: 3/3
  1766 | D:3      | Reached skill level 6 in Axes
  1766 | D:3      | Reached XP level 5. HP: 35/46 MP: 4/4
  2885 | D:4      | Noticed a phantom
  2912 | D:4      | Killed a phantom
  2912 | D:4      | Reached skill level 7 in Axes
  2912 | D:4      | Reached XP level 6. HP: 31/55 MP: 5/5
  3072 | D:4      | Found an opulent altar of Gozag.
  3128 | D:4      | Reached skill level 5 in Fighting
  3390 | D:4      | Reached skill level 8 in Axes
  3390 | D:4      | Reached XP level 7. HP: 53/61 MP: 6/6
  3753 | D:4      | HP: 2/62 [gnoll (6)]
  3756 | D:4      | Slain by a gnoll

Vault maps used:
D:1:      kennysheep_arrival_seaside, kennysheep_flooded_box,
          minmay_pentomino_t4
D:2:      minmay_diamond_boxcup
D:4:      lemuel_castle_with_subvaults, old_standard_altar

Skill      XL: |  1  2  3  4  5  6 |
---------------+-------------------+-----
Axes           | 4 5 6 7 8 |  8.6
Fighting       | 3 4 5 |  5.9
Throwing       | |  2.0
Dodging        | |  3.2

Action                   |  1- 3 |  4- 6 |  7- 9 || total
-------------------------+-------+-------+-------++-------
Melee: War axe           |    78 |    97 |    22 ||   197
       Headbutt          |    12 |    16 |     4 ||    32
 Fire: Hunting sling     |       |    60 |    13 ||    73
Throw: Stone             |    10 |       |       ||    10
  Use: Scroll            |       |     2 |     5 ||     7
  Eat: Chunk             |     1 |     6 |     2 ||     9
Armor: Leather armour    |    24 |    20 |     6 ||    50
Dodge: Dodged            |    49 |    67 |    23 ||   139

Table legend:
 A = Non-vault XP
 B = Vault XP
 C = Vault XP percentage of total XP
 D = Non-vault monster count
 E = Vault monster count
 F = Vault count percentage of total count
                 A         B        C        D         E       F
            +---------+---------+-------+---------+---------+-------
      Total |     746 |     155 |  17.2 |      84 |      29 |  25.7
            +---------+---------+-------+---------+---------+-------
        D:1 |      48 |       6 |  11.1 |      23 |       3 |  11.5
        D:2 |      66 |      39 |  37.1 |      19 |       8 |  29.6
        D:3 |     104 |       0 |   0.0 |      26 |       0 |   0.0
        D:4 |     528 |     110 |  17.2 |      16 |      18 |  52.9
            +---------+---------+-------+---------+---------+-------
